Construct Section Command Post
Selects Air and Sea Battlegroup
Selects Air and Sea Battlegroup
Construct Platoon Command Post
Unlock M3 Stuart Light Tanks
Construct Field Infirmary
Selects Centaur Medium Tank
Construct Company Command Post
6-pounder Anti-tank Gun Team
Selects Naval Bombardment
Selects Commando Section Paradrop
Selects Commando Support Section Paradrop
Unlock Towed 17-pounder Anti-tank Guns
17-pounder Anti-tank Gun Team